 Dungeon Crawl Stone Soup version 0.27-a0-249-g74f53ef629 (webtiles) character file.

Game seed: 2171869001801112839

217 sahdkjhfkaj the Conjurer (level 5, -5/38 HPs)
             Began as a Demigod Conjurer on Feb 3, 2021.
             Slain by a phantom (7 damage)
             ... on level 4 of the Dungeon.
             The game lasted 00:05:15 (4121 turns).

sahdkjhfkaj the Conjurer (Demigod Conjurer)         Turns: 4121, Time: 00:05:17

Health: -5/38      AC:  3    Str: 10    XL:     5   Next: 35%
Magic:  3/13       EV: 12    Int: 24    God:
Gold:   99         SH:  0    Dex: 14    Spells: 0/11 levels left

rFire    . . .     SeeInvis .   a - +1 dagger (venom)
rCold    . . .     Faith    .   (no shield)
rNeg     . . .     Spirit   .   l - +0 robe
rPois    .         Reflect  .   (no helmet)
rElec    .         Harm     .   (no cloak)
rCorr    .         Rampage  .   (no gloves)
Will     .....                  q - +0 pair of boots
Stlth    ++........             (no amulet)
HPRegen  0.12/turn              (no ring)
MPRegen  0.13/turn              (no ring)

@: no status effects
A: high mp 1
a: no special abilities


You were on level 4 of the Dungeon.
You visited 1 branch of the dungeon, and saw 4 of its levels.

You collected 99 gold pieces.

Inventory:

Hand Weapons
 a - a +1 dagger of venom (weapon)
Armour
 l - a +0 robe (worn)
 q - a +0 pair of boots (worn)
Jewellery
 c - an uncursed ring of positive energy {unknown}
 h - an uncursed ring of see invisible {unknown}
Wands
 o - a wand of acid (4)
Scrolls
 d - a scroll of random uselessness {unknown}
 e - a scroll of enchant weapon {unknown}
 g - 2 scrolls of remove curse
 i - a scroll of magic mapping {unknown}
 j - a scroll of fog {unknown}
 n - a scroll of teleportation
Potions
 b - a potion of haste
 m - a potion of flight {unknown}
 p - 2 potions of lignification {unknown}


   Skills:
 - Level 1.7 Dodging
 - Level 1.7 Stealth
 - Level 3.5 Spellcasting
 - Level 4.0 Conjurations
 - Level 2.5 Hexes
 + Level 1.7 Translocations


You couldn't memorise any spells.
You knew the following spells:

 Your Spells              Type           Power        Failure   Level
a - Magic Dart            Conj           92%          1%          1
b - Searing Ray           Conj           46%          3%          2
f - Fulminant Prism       Conj/Hex       9%           26%         4
M - Iskenderun's Mystic   Conj/Tloc      17%          32%         4

Your spell library contained the following spells:

 Spells                   Type           Power        Failure   Level
 Dazzling Flash           Conj/Hex       38%          9%          3


Dungeon Overview and Level Annotations

Branches:
Dungeon (4/15)
 Temple: D:4-7


Innate Abilities, Weirdness & Mutations

You have an increased reservoir of magic. (+10% MP)


Message History

Aim: a phantom (heavily damaged, 31% to evade)
The searing ray hits the phantom!
The phantom is severely damaged. (Press . to maintain the ray.)
The phantom hits you!
* * * LOW HITPOINT WARNING * * *
The searing ray hits the phantom.
The phantom is almost destroyed.
The phantom hits you!
* * * LOW HITPOINT WARNING * * *
The phantom blinks!
You blink.
Casting: Searing Ray (safe; 3% risk of failure)
Confirm with . or Enter, or press ? or * to list all spells.
Aiming: Searing Ray (safe; 3% risk of failure)
Press: ? - help, Shift-Dir - straight line, f/p - phantom
Aim: a phantom (almost destroyed, 31% to evade)
The searing ray misses the phantom. (Press . to maintain the ray.)
The phantom hits you!
You die...

... .##.###.### ..##.
#..#..#....#
#.#..##.....#....###
..................# #
#.##......(..##...#
..##.#..........##§.##
.................#..###
......................#
................@..?..#
...............W.#.#..#
................#.#####
....................#
......###...........#
......##...†.##.......
...... ##...##.........
...... #.... ......[..
#.> #...?. .......


You could see a phantom.

Vanquished Creatures
  An iguana (D:4)
  A worker ant (D:4)
  Terence (D:3)
  4 adders
  A river rat (D:3)
  2 oozes
  3 worms
  4 dart slugs (D:1)
  4 leopard geckos
  3 orcs (D:3)
  4 giant cockroaches
  6 hobgoblins
  3 jackals (D:1)
  8 kobolds
  4 bats
  5 frilled lizards
  11 goblins
  7 rats
72 creatures vanquished.

Vanquished Creatures (others)
  An orc (D:4)
  A frilled lizard (D:4)
  3 plants
5 creatures vanquished.

Grand Total: 77 creatures vanquished

Notes
Turn   | Place    | Note
-------+----------+-------------------------------------------
     0 | D:1      | sahdkjhfkaj the Demigod Conjurer began the quest for the
                  | Orb.
     0 | D:1      | Reached XP level 1. HP: 14/14 MP: 5/5
   304 | D:1      | Reached XP level 2. HP: 20/20 MP: 2/8
   377 | D:1      | Learned a level 2 spell: Searing Ray
  1170 | D:1      | Reached XP level 3. HP: 26/26 MP: 7/10
  1574 | D:2      | Reached skill level 4 in Conjurations
  2220 | D:2      | Reached XP level 4. HP: 24/33 MP: 8/12
  2225 | D:2      | Learned a level 4 spell: Fulminant Prism
  2693 | D:3      | Noticed Terence
  2699 | D:3      | Killed Terence
  2700 | D:3      | Reached skill level 1 in Hexes
  3117 | D:3      | Found a glowing drain.
  3198 | D:3      | Found a faded altar of an unknown god.
  3545 | D:4      | Noticed a phantom
  3591 | D:4      | Found a shimmering altar of Xom.
  3702 | D:4      | Reached XP level 5. HP: 16/38 MP: 4/13
  3863 | D:4      | Learned a level 4 spell: Iskenderun's Mystic Blast
  4006 | D:4      | Reached skill level 1 in Translocations
  4121 | D:4      | Slain by a phantom

Illustrated notes

Levels and vault maps discovered:
D:1:      lightli_arrival_maybe_door_vault, layout_basic, serial_bayou,
          serial_bayou_ford_a, serial_bayou_pond_d, serial_bayou_lagoon_b,
          serial_bayou_pond_c, minmay_crystal_room
D:2:      wad_lake_hut, layout_rooms
D:3:      layout_basic, gup_sewer_entry_bubbles,
          chequers_ecumenical_altar_island, uniq_terence
D:4:      layout_cave_pools, lemuel_coloured_pillars_altar, xom_confusion_cloud,
          uniq_edmund

Skill      XL: |  1  2  3  4  5 |
---------------+----------------+-----
Spellcasting   | 2 3 |  3.5
Conjurations   | 4 |  4.0
Hexes          | 2 |  2.5
Translocations | 1 |  1.7
Dodging        | |  1.7
Stealth        | |  1.7

Action                   |  1- 3 |  4- 6 || total
-------------------------+-------+-------++-------
Melee: Unarmed           |     3 |       ||     3
       Dagger            |       |     1 ||     1
 Cast: Magic Dart        |   106 |    61 ||   167
       Searing Ray       |     1 |     8 ||     9
  Use: Scroll            |       |     4 ||     4
Armor: Robe              |     4 |     1 ||     5
Dodge: Dodged            |     9 |    17 ||    26

Table legend: (Time is in decaauts)
 A = Elapsed time spent in this place.
 B = Non-inter-level travel time spent in this place.
 C = Inter-level travel time spent in this place.
 D = Time resting spent in this place.
 E = Time spent auto-exploring this place.
 F = Levels seen in this place.
 G = Mean time per level.
                   A        B        C        D        E       F      G
               +--------+--------+--------+--------+--------+-----+--------+
         Total |   4233 |   4159 |     74 |    212 |   3581 |   4 | 1058.2 |
       Dungeon |   4233 |   4159 |     74 |    212 |   3581 |   4 | 1058.2 |
               +--------+--------+--------+--------+--------+-----+--------+

Top non-repeatable levels by time:
     D:1: 1557 daAuts
     D:2: 1173 daAuts
     D:3: 960 daAuts
     D:4: 541 daAuts
